[Event "Titled Tuesday Blitz June 28 Early 2022"]
[White "Jeet, Jain"]
[Black "Fedoseev, Vladimir"]
[WhiteFideId "5073022"]
[BlackFideId "24130737"]
[WhiteElo "2055"]
[BlackElo "2726"]
[Result "0-1"]
[Round "01"]
[TimeControl "180+1"]
[Date "2022.06.28"]
[WhiteClock "0:00:14"]
[BlackClock "0:00:09"]

1. Nf3 d5 2. e3 c5 3. c4 d4 4. exd4 cxd4 5. d3 Nc6 6. Be2 e5 7. O-O Bd6 8. a3 a5 9. b3 Nge7 10. Qc2 O-O 11. Nbd2 Ng6 12. Re1 Bf5 13. Bb2 Rc8 14. Bf1 Nf4 15. Ne4 Be7 16. Bc1 Ng6 17. Bd2 Bg4 18. Be2 h6 19. Rab1 Bxa3 20. h3 Be6 21. Ng3 Bb4 22. Ra1 Nh4 23. Nxh4 Qxh4 24. Bf3 f6 25. Bxc6 Bxd2 26. Qxd2 Rxc6 27. Rxa5 Qg5 28. Qxg5 hxg5 29. b4 b6 30. Ra6 Bc8 31. Ra8 b5 32. c5 Bb7 33. Rxf8+ Kxf8 34. Ne4 Ra6 35. Nd6 Bc6 36. f3 Ra3 37. Rd1 g6 38. Kf2 Ke7 39. Ke2 Ke6 40. Rb1 Ra2+ 41. Kf1 f5 42. Re1 Ra3 43. Ke2 Kf6 44. Rb1 Ra2+ 45. Kf1 g4 46. hxg4 fxg4 47. fxg4 Bxg2+ 48. Ke1 Bc6 49. Rd1 Kg5 50. Rd2 Rxd2 51. Kxd2 Kxg4 52. Nc8 Kg5 53. Na7 Be8 54. c6 Kf4 55. c7 Bd7 56. c8=Q Bxc8 57. Nxc8 g5 58. Ke2 g4 59. Kf2 g3+ 60. Kg2 e4 61. dxe4 d3 62. e5 d2 63. e6 d1=Q 64. e7 Qe2+ 65. Kh3 Qh2# 0-1


[Site "https://www.chess.com"]

[Event "Titled Tuesday Blitz June 28 Early 2022"]
[White "Jia, Haoxiang"]
[Black "Haas, Michael"]
[WhiteFideId "8602999"]
[BlackFideId "1629514"]
[WhiteElo "2621"]
[BlackElo "1982"]
[Result "1-0"]
[Round "01"]
[TimeControl "180+1"]
[Date "2022.06.28"]
[WhiteClock "0:00:16"]
[BlackClock "0:00:12"]

1. e4 e6 2. d4 d5 3. e5 c5 4. c3 Ne7 5. Bd3 Nec6 6. Nf3 b6 7. Qe2 a5 8. O-O Ba6 9. Be3 Bxd3 10. Qxd3 Be7 11. Nbd2 O-O 12. Ne1 cxd4 13. cxd4 Nb4 14. Qe2 f6 15. a3 N4c6 16. f4 fxe5 17. fxe5 Rxf1+ 18. Nxf1 Nd7 19. Nd3 Bg5 20. Nd2 Bxe3+ 21. Qxe3 Ne7 22. Nf4 Nf8 23. Nf3 Nf5 24. Qd2 Rc8 25. Rc1 Rc7 26. Rc3 Qc8 27. g4 Rxc3 28. bxc3 Ne7 29. Qd3 Nfg6 30. Nh5 h6 31. h3 Kf7 32. Kf2 Qc6 33. Qc2 Qc4 34. Nd2 Qc6 35. Qd3 Qa4 36. Qf3+ Kg8 37. g5 Nf5 38. gxh6 Qxa3 39. hxg7 Qb2 40. Ke2 Ngh4 41. Qg4 Nxd4+ 42. cxd4 Qb5+ 43. Kd1 Qa4+ 44. Ke2 Qb5+ 45. Ke1 Nf5 46. Nf6+ Kf7 47. g8=Q+ Ke7 48. Qh7+ Kd8 49. Qgg8+ Qe8 50. Qxe8# 1-0


[Site "https://www.chess.com"]

[Event "Titled Tuesday Blitz June 28 Early 2022"]
[White "Jobava, Baadur"]
[Black "Popilski, Gil"]
[WhiteFideId "13601520"]
[BlackFideId "2809060"]
[WhiteElo "2617"]
[BlackElo "2537"]
[Result "0-1"]
[Round "01"]
[TimeControl "180+1"]
[Date "2022.06.28"]
[WhiteClock "0:00:03"]
[BlackClock "0:00:17"]

1. b3 d5 2. Bb2 Bg4 3. f3 Bf5 4. e3 Nf6 5. Nc3 c5 6. g4 Bg6 7. g5 Nh5 8. Bb5+ Nc6 9. Nge2 e5 10. d4 Qxg5 11. Nxd5 O-O-O 12. c4 cxd4 13. exd4 Nxd4 14. Nxd4 exd4 15. Qxd4 Bb4+ 16. Kf1 Bf5 17. Rg1 Qh6 18. Rd1 Bh3+ 19. Kf2 Qd6 20. Qe4 Qxh2+ 21. Ke3 Qxb2 22. Nxb4 Qc3+ 23. Nd3 Nf6 24. Qh4 Bf5 25. c5 a6 26. Bc4 Rhe8+ 27. Kf2 Bxd3 28. Bxf7 Re2+ 29. Kg3 Qe5+ 30. Qf4 Nh5+ 31. Bxh5 Qxh5 32. Qg4+ Qxg4+ 33. Kxg4 Rxa2 34. Kf4 Rf8+ 35. Ke3 Be2 36. Rd6 Bxf3 37. Rxg7 Re2+ 38. Kd4 Ree8 39. Rxh7 Bc6 40. b4 Rf3 41. Rhh6 Re4# 0-1


[Site "https://www.chess.com"]

[Event "Titled Tuesday Blitz June 28 Early 2022"]
[White "Johnson, Ben"]
[Black "Elgersma, Onno"]
[WhiteFideId "2010917"]
[BlackFideId "1053531"]
[WhiteElo "2176"]
[BlackElo "2304"]
[Result "0-1"]
[Round "01"]
[TimeControl "180+1"]
[Date "2022.06.28"]
[WhiteClock "0:00:02"]
[BlackClock "0:00:40"]

1. Nf3 Nf6 2. c4 c5 3. Nc3 g6 4. d4 cxd4 5. Nxd4 Bg7 6. e4 d6 7. Be2 O-O 8. Be3 Nc6 9. O-O Bd7 10. Rc1 Nxd4 11. Bxd4 Bc6 12. Qd3 a5 13. h3 a4 14. Nd5 Bxd5 15. exd5 Nd7 16. Bxg7 Kxg7 17. b3 axb3 18. axb3 Qb6 19. h4 Ra2 20. h5 Nf6 21. Rc3 Rfa8 22. Qe3 Qxe3 23. Rxe3 Kf8 24. hxg6 hxg6 25. Rc1 Ra1 26. Rc3 Rxc1+ 27. Rxc1 Ra2 28. Kf1 Rb2 29. Bd1 Ne4 30. Bc2 Nc5 31. Bd1 Nd3 32. Rc2 Rxb3 33. Ra2 Rb2 34. Ra8+ Kg7 35. f3 Rf2+ 36. Kg1 Rd2 37. Ba4 Ra2 38. Kf1 Nc5 39. Ra7 Rxa4 0-1


[Site "https://www.chess.com"]

[Event "Titled Tuesday Blitz June 28 Early 2022"]
[White "Johnson, Donald"]
[Black "Magallanes, Rey Jomar"]
[WhiteFideId "30949122"]
[BlackFideId "5205948"]
[WhiteElo "1724"]
[BlackElo "2185"]
[Result "1-0"]
[Round "01"]
[TimeControl "180+1"]
[Date "2022.06.28"]
[WhiteClock "0:01:47"]
[BlackClock "0:01:39"]

1. Nf3 c5 2. b3 d6 3. Bb2 Nf6 4. c4 e6 5. e3 Be7 6. Be2 O-O 7. O-O Nc6 8. d4 b6 9. Nc3 Bb7 10. d5 exd5 11. Nxd5 a6 12. Nxe7+ Nxe7 13. Bxf6 gxf6 14. Nh4 Ng6 15. Nf5 Qc7 16. Qxd6 Qxd6 17. Nxd6 Bc6 18. Rad1 Rfd8 19. Rd2 Ne5 20. Rfd1 Kf8 21. f3 Rd7 22. Nf5 Rad8 23. Rxd7 Rxd7 24. Rxd7 Bxd7 25. Ng3 Nc6 26. a3 a5 27. Kf2 a4 28. bxa4 Na5 29. Ne4 Bxa4 30. Nxf6 Kg7 31. Nd5 Bb3 32. Nxb6 Kf6 33. Nd7+ Ke6 34. Nxc5+ Kd6 35. Nxb3 Nxb3 36. Ke1 Kc5 37. Kd1 Na5 38. Kc2 Nxc4 39. Bxc4 Kxc4 40. Kb2 f6 41. e4 h6 42. f4 Kd4 43. e5 fxe5 44. fxe5 Kxe5 45. Kb3 Ke4 46. a4 Ke3 47. a5 Kf2 48. a6 Kxg2 49. a7 Kxh2 50. a8=Q h5 51. Qf3 h4 52. Qg4 h3 53. Kc2 Kh1 54. Qxh3+ Kg1 55. Qf3 Kh2 56. Qg4 Kh1 57. Kd2 Kh2 58. Ke2 Kh1 59. Kf2 Kh2 60. Qh4# 1-0


[Site "https://www.chess.com"]

[Event "Titled Tuesday Blitz June 28 Early 2022"]
[White "Joie, Sebastien"]
[Black "Vidruska, Renate"]
[WhiteFideId "650420"]
[BlackFideId "11601841"]
[WhiteElo "2397"]
[BlackElo "1873"]
[Result "1-0"]
[Round "01"]
[TimeControl "180+1"]
[Date "2022.06.28"]
[WhiteClock "0:01:20"]
[BlackClock "0:01:29"]

1. d4 Nf6 2. Bf4 d5 3. e3 e6 4. c3 Bd6 5. Nf3 c5 6. Bd3 Qc7 7. Bxd6 Qxd6 8. Ne5 O-O 9. O-O Nc6 10. f4 Ne7 11. Nd2 Nd7 12. Qh5 g6 13. Qh6 f6 14. Nxg6 Rf7 15. Nxe7+ Qxe7 16. Rf3 Rg7 17. Raf1 cxd4 18. exd4 Nf8 19. Re1 Qf7 20. Rfe3 Ng6 21. Bxg6 Rxg6 22. Qh4 Qg7 23. Rg3 Bd7 24. Rxg6 hxg6 25. Nf3 Kf7 26. Qf2 Rh8 27. g3 a6 28. Qc2 Bb5 29. a4 Bd7 30. Qb3 Bc8 31. Qb6 Re8 32. Qd6 Qf8 33. Qxf8+ Kxf8 34. g4 e5 35. fxe5 Bxg4 36. Kg2 Bxf3+ 37. Kxf3 fxe5 38. Rxe5 Rd8 39. Kf4 Kf7 40. h4 Kf6 41. h5 gxh5 42. Rxh5 Rd7 43. Rh6+ Kg7 44. Rb6 Kf7 45. Ke5 Ke7 46. Re6+ Kf7 47. Rd6 Re7+ 48. Kxd5 Re2 49. Rb6 Re7 50. c4 1-0


[Site "https://www.chess.com"]

[Event "Titled Tuesday Blitz June 28 Early 2022"]
[White "Jovic, Stanoje"]
[Black "Samunenkov, Ihor"]
[WhiteFideId "905020"]
[BlackFideId "14187086"]
[WhiteElo "2286"]
[BlackElo "2409"]
[Result "0-1"]
[Round "01"]
[TimeControl "180+1"]
[Date "2022.06.28"]
[WhiteClock "0:01:00"]
[BlackClock "0:01:13"]

1. c4 c5 2. g3 Nc6 3. Bg2 g6 4. Nc3 Bg7 5. Nf3 d6 6. O-O Rb8 7. e3 Be6 8. Nd5 Nf6 9. Ng5 Bd7 10. d4 cxd4 11. exd4 Nxd5 12. cxd5 Nxd4 13. Be3 Nf5 14. Bf4 Bxb2 15. Rb1 Bg7 16. g4 Nh4 17. Bh1 h6 18. Ne4 f5 19. Nxd6+ exd6 20. Re1+ Kf7 21. Bxd6 Ba4 22. Re7+ Qxe7 23. Qxa4 Qxd6 24. Qxa7 Rhc8 0-1


[Site "https://www.chess.com"]

[Event "Titled Tuesday Blitz June 28 Early 2022"]
[White "Jubin Jimmy"]
[Black "Urbina Perez, Juan Antonio"]
[WhiteFideId "46686614"]
[BlackFideId "2217368"]
[WhiteElo "2219"]
[BlackElo "2192"]
[Result "1-0"]
[Round "01"]
[TimeControl "180+1"]
[Date "2022.06.28"]
[WhiteClock "0:00:45"]
[BlackClock "0:00:01"]

1. d4 Nf6 2. c4 e6 3. Nc3 Bb4 4. Qc2 d5 5. cxd5 Qxd5 6. Nf3 Qf5 7. Qb3 c5 8. a3 Ba5 9. Qc4 Nbd7 10. b4 cxb4 11. axb4 Bb6 12. e3 O-O 13. Bd3 Qg4 14. O-O Re8 15. e4 e5 16. h3 Qg6 17. d5 Nf8 18. Be2 Nh5 19. Na4 Nf4 20. Bxf4 exf4 21. Nxb6 Qxb6 22. Qc5 Qg6 23. Bd3 Bxh3 24. Nh4 Qg4 25. Kh2 Ng6 26. gxh3 Qxh4 27. Rg1 Ne5 28. Be2 f3 29. Bb5 Rec8 30. Qd4 Qf4+ 31. Rg3 a6 32. d6 h5 33. Kh1 h4 34. Rgg1 axb5 35. d7 Rd8 36. Rxa8 Rxa8 37. d8=Q+ Rxd8 38. Qxd8+ Kh7 39. Qg5 Qxg5 40. Rxg5 f6 41. Rg1 g5 42. Rd1 Kg6 43. Rd5 b6 44. Rxb5 Nd3 45. Kg1 Nf4 46. Rxb6 Nxh3+ 47. Kf1 Nf4 48. Rb8 h3 49. Kg1 Ne2+ 50. Kh2 g4 51. Rg8+ Kh5 52. b5 Nf4 53. b6 Nd3 54. b7 Nxf2 55. b8=Q Nxe4 56. Qe8+ Kh4 57. Qxe4 f5 58. Qf4 f2 59. Qh6# 1-0


[Site "https://www.chess.com"]

[Event "Titled Tuesday Blitz June 28 Early 2022"]
[White "Kalaiyalahan, Akshaya"]
[Black "Kozlov, Oleg"]
[WhiteFideId "422894"]
[BlackFideId "4104544"]
[WhiteElo "1913"]
[BlackElo "2132"]
[Result "0-1"]
[Round "01"]
[TimeControl "180+1"]
[Date "2022.06.28"]
[WhiteClock "0:00:11"]
[BlackClock "0:01:24"]

1. c4 f5 2. Nc3 e5 3. d4 exd4 4. Qxd4 Nc6 5. Qd1 Nf6 6. Nf3 Bc5 7. e3 O-O 8. Bd3 d6 9. O-O a6 10. b3 Qe8 11. Bb2 Qh5 12. Be2 Qh6 13. Nd5 Ne8 14. a3 Be6 15. b4 Ba7 16. Nf4 Bf7 17. Rc1 g5 18. Nd5 g4 19. Nd4 Nxd4 20. Bxd4 Bxd4 21. Qxd4 Qg7 22. Qf4 Be6 23. Rfd1 Rd8 24. e4 c6 25. Ne3 fxe4 26. Qxe4 Bc8 27. Bxg4 Nf6 28. Qf3 Nxg4 29. Qg3 Nxf2 30. Qxg7+ Kxg7 31. Rf1 Ne4 0-1


[Site "https://www.chess.com"]

[Event "Titled Tuesday Blitz June 28 Early 2022"]
[White "Kalogridis, Antonios"]
[Black "Meshkovs, Nikita"]
[WhiteFideId "25833901"]
[BlackFideId "11602740"]
[WhiteElo "1596"]
[BlackElo "2506"]
[Result "0-1"]
[Round "01"]
[TimeControl "180+1"]
[Date "2022.06.28"]
[WhiteClock "0:00:09"]
[BlackClock "0:00:17"]

1. d4 Nf6 2. Nc3 d5 3. Bf4 a6 4. e3 c5 5. Nf3 Nc6 6. Be2 Bf5 7. O-O e6 8. Ne5 Rc8 9. g4 Bg6 10. Kh1 Nxe5 11. Bxe5 h5 12. g5 Nd7 13. Bd3 Nxe5 14. dxe5 Bxd3 15. cxd3 Qxg5 16. Qa4+ Rc6 17. f4 Qd8 18. f5 Be7 19. Qf4 Bg5 20. Qf3 Qe7 21. f6 gxf6 22. exf6 Qc7 23. Rg1 Qe5 24. Raf1 Bxe3 25. Re1 d4 26. Nd1 Qd5 27. Qxd5 exd5 28. Nxe3 dxe3 29. Rxe3+ Kd8 30. Re7 Rc7 31. Rxc7 Kxc7 32. Rg7 Rf8 33. Rh7 Kd6 34. Rxh5 Rg8 35. h4 Rg3 36. Kh2 Rxd3 37. Rg5 Rf3 38. h5 Rxf6 39. Kg3 d4 40. Rg8 Ke5 41. Kg4 d3 42. Rd8 c4 43. Kg5 Rf1 44. h6 Rg1+ 45. Kh5 b5 46. Rd7 Ke4 47. a3 Ke3 48. Rxf7 d2 49. Re7+ Kd3 50. Rd7+ Kc2 51. h7 Rh1+ 52. Kg6 d1=Q 0-1


[Site "https://www.chess.com"]

[Event "Titled Tuesday Blitz June 28 Early 2022"]
[White "Kamsky, Gata"]
[Black "Shuvalov, Evgenij"]
[WhiteFideId "2000024"]
[BlackFideId "4187237"]
[WhiteElo "2645"]
[BlackElo "2023"]
[Result "1-0"]
[Round "01"]
[TimeControl "180+1"]
[Date "2022.06.28"]
[WhiteClock "0:00:25"]
[BlackClock "0:00:14"]

1. d4 d5 2. Bf4 c5 3. e3 Nc6 4. c3 Nf6 5. Nd2 e6 6. Ngf3 Bd6 7. Bg3 O-O 8. Bd3 b6 9. Qe2 Bb7 10. Rd1 Rc8 11. e4 Be7 12. e5 Nh5 13. a3 cxd4 14. Nxd4 g6 15. N2f3 Na5 16. h4 Nc4 17. Bh2 Bxh4 18. g4 Ng7 19. Bf4 Be7 20. Bh6 Qd7 21. Ng5 Bxg5 22. Bxg5 f5 23. exf6 Ne8 24. Qxe6+ Qxe6+ 25. Nxe6 Nxf6 26. Nxf8 Rxf8 27. Bxf6 Rxf6 28. Bxc4 dxc4 29. Rd8+ Kg7 30. Rd7+ Rf7 31. Rxh7+ Kxh7 32. Rxf7+ Kh6 33. Rxb7 1-0


[Site "https://www.chess.com"]

[Event "Titled Tuesday Blitz June 28 Early 2022"]
[White "Kanyamarala, Tarun"]
[Black "Martinez Alcantara, Jose Eduardo"]
[WhiteFideId "45004714"]
[BlackFideId "3805662"]
[WhiteElo "2219"]
[BlackElo "2703"]
[Result "0-1"]
[Round "01"]
[TimeControl "180+1"]
[Date "2022.06.28"]
[WhiteClock "0:00:03"]
[BlackClock "0:00:42"]

1. d4 Nf6 2. Nf3 e6 3. c4 Bb4+ 4. Nc3 b6 5. Bd2 Bb7 6. e3 O-O 7. Bd3 Bxc3 8. Bxc3 Ne4 9. Bb4 d6 10. O-O Nd7 11. Nd2 Nef6 12. e4 c5 13. Bc3 cxd4 14. Bxd4 Nc5 15. Qe2 e5 16. Bc3 Qc7 17. b3 a5 18. f4 Rfe8 19. f5 b5 20. cxb5 d5 21. Rac1 dxe4 22. Bc4 Rad8 23. Kh1 Nd3 24. Bxd3 exd3 25. Qe3 Nd5 26. Qg3 Nxc3 27. f6 g6 28. Qg5 Kh8 29. Qh6 Rg8 30. Nf3 g5 31. h4 Bxf3 32. Rxf3 d2 33. Rcxc3 d1=Q+ 34. Kh2 Qcd6 35. hxg5 e4+ 36. Rg3 Rg6 37. Qh5 Qxh5+ 0-1


[Site "https://www.chess.com"]

[Event "Titled Tuesday Blitz June 28 Early 2022"]
[White "Kanyamarala, Trisha"]
[Black "Adla, Diego"]
[WhiteFideId "45004722"]
[BlackFideId "100072"]
[WhiteElo "2134"]
[BlackElo "2377"]
[Result "0-1"]
[Round "01"]
[TimeControl "180+1"]
[Date "2022.06.28"]
[WhiteClock "0:00:01"]
[BlackClock "0:00:44"]

1. c4 e6 2. Nc3 b6 3. g3 Bb7 4. Nf3 Bb4 5. Bg2 f5 6. O-O Nf6 7. d4 Bxc3 8. bxc3 O-O 9. a4 Nc6 10. Rb1 Na5 11. Ba3 d6 12. c5 Be4 13. Ra1 Nc4 14. cxd6 cxd6 15. Nd2 Bxg2 16. Kxg2 Rc8 17. Nf3 Qd7 18. Bb4 Qc6 19. a5 b5 20. a6 h6 21. Qd3 Ne4 22. d5 Qxd5 23. Qxd5 exd5 24. Rfd1 Nb6 25. Ra5 Nxc3 26. Bxc3 Rxc3 27. Rxb5 f4 28. Nd4 fxg3 29. hxg3 Re8 30. e3 Ra3 31. Nf5 Re6 32. Rc1 Rxa6 33. Rc7 g6 34. Nxh6+ Kf8 35. Rb4 Ra4 36. Rb1 Ra2 37. Rh1 Re7 38. Rc8+ Nxc8 39. Ng4 Nb6 40. Rh8+ Kg7 41. Rd8 Rd7 42. Re8 d4 43. exd4 Nd5 0-1


[Site "https://www.chess.com"]

[Event "Titled Tuesday Blitz June 28 Early 2022"]
[White "Khumalo, Keith"]
[Black "Kopczynski, Michal"]
[WhiteFideId "14319470"]
[BlackFideId "1124200"]
[WhiteElo "2057"]
[BlackElo "2235"]
[Result "0-1"]
[Round "01"]
[TimeControl "180+1"]
[Date "2022.06.28"]
[WhiteClock "0:01:49"]
[BlackClock "0:02:08"]

1. Nf3 d6 2. g3 e5 3. d3 g6 4. Bg2 Bg7 5. O-O Ne7 6. h4 O-O 7. h5 Bg4 8. hxg6 fxg6 9. c4 Nbc6 10. Nc3 Qd7 11. Re1 Bh3 12. Bh1 h6 13. Rb1 Nf5 14. Ne4 Rf7 15. b4 Raf8 16. Qa4 Kh8 17. Be3 Nxe3 18. fxe3 Qg4 19. Nf2 Qxg3+ 0-1


[Site "https://www.chess.com"]

[Event "Titled Tuesday Blitz June 28 Early 2022"]
[White "Kohler, Aran"]
[Black "Royal, Shreyas"]
[WhiteFideId "1002856"]
[BlackFideId "448869"]
[WhiteElo "2241"]
[BlackElo "1986"]
[Result "1/2-1/2"]
[Round "01"]
[TimeControl "180+1"]
[Date "2022.06.28"]
[WhiteClock "0:01:15"]
[BlackClock "0:00:28"]

1. e4 e5 2. Nf3 Nc6 3. Bb5 a6 4. Ba4 Nf6 5. O-O Be7 6. Re1 b5 7. Bb3 d6 8. h3 O-O 9. c3 Na5 10. Bc2 c5 11. d4 Qc7 12. b3 c4 13. b4 Nc6 14. d5 Nb8 15. a4 Bb7 16. Be3 Nbd7 17. Nbd2 Rfe8 18. Nh2 Nf8 19. Ng4 Nxg4 20. Qxg4 Bc8 21. Qg3 Bd7 22. a5 Ng6 23. Nf3 Qc8 24. Rad1 f5 25. exf5 Bxf5 26. Bxf5 Qxf5 27. Qg4 Rf8 28. Qxf5 Rxf5 29. Nd2 Raf8 30. Ne4 Nf4 31. Bxf4 Rxf4 32. f3 g5 33. Nf2 h5 34. Re4 Kf7 35. Rde1 Ke8 36. Rxf4 Rxf4 37. Re4 Rf8 38. Kf1 Kd7 39. Ke2 Bf6 40. g3 Bg7 41. Re3 Bh6 42. g4 Rf4 43. Ne4 h4 44. Kd2 Rf7 45. Ke2 Rg7 46. Kf2 Rg6 47. Kg2 Bf8 48. Re2 Be7 49. Re3 1/2-1/2


[Site "https://www.chess.com"]

[Event "Titled Tuesday Blitz June 28 Early 2022"]
[White "Kollars, Dmitrij"]
[Black "Lamaze, Simon"]
[WhiteFideId "12909572"]
[BlackFideId "36069264"]
[WhiteElo "2584"]
[BlackElo "2090"]
[Result "1-0"]
[Round "01"]
[TimeControl "180+1"]
[Date "2022.06.28"]
[WhiteClock "0:00:14"]
[BlackClock "0:00:23"]

1. d4 Nf6 2. Nf3 e6 3. g3 d5 4. Bg2 Be7 5. O-O O-O 6. c4 c6 7. Qc2 b6 8. Nfd2 c5 9. dxc5 bxc5 10. Nc3 Nc6 11. b3 Bb7 12. cxd5 exd5 13. Bb2 Rc8 14. Rad1 Nd4 15. Qb1 Ne6 16. Nde4 Rc7 17. Nxf6+ Bxf6 18. Nxd5 Bxd5 19. Rxd5 Qe7 20. e3 Bxb2 21. Qxb2 c4 22. bxc4 Rxc4 23. Rc1 Rxc1+ 24. Qxc1 g6 25. h4 h5 26. Qc3 Rb8 27. Qe5 Rb1+ 28. Kh2 Qa3 29. Ra5 Qc1 30. Rxa7 Qg1+ 31. Kh3 Qxf2 32. Ra8+ Nf8 33. Qc5 Qf5+ 34. Qxf5 gxf5 35. Bd5 Kg7 36. Ra7 Ng6 37. Rxf7+ Kh6 38. Rxf5 Re1 39. e4 Re2 40. a4 Re3 41. a5 Ra3 42. Bf7 Ne7 43. Rxh5+ Kg7 44. Bc4 Ng6 45. Rg5 Kf6 46. Rf5+ Kg7 47. a6 Ra4 48. Bb5 Ra3 49. h5 Ne7 50. Rc5 Kh6 51. Kh4 Ra1 52. Re5 Ng8 53. Re6+ Kg7 54. Kg5 Ra5 55. Rg6+ Kh7 56. Rb6 Kg7 57. Rb7+ Kh8 58. a7 Ra3 59. g4 Rf3 60. Rh7+ Kxh7 61. a8=Q Nh6 62. Be8 Ng8 63. Bg6+ Kh8 64. Qa1+ Nf6 65. Qxf6+ Rxf6 66. Kxf6 1-0


[Site "https://www.chess.com"]

[Event "Titled Tuesday Blitz June 28 Early 2022"]
[White "Kowalczyk, Pawel"]
[Black "Ocelak, Jakub"]
[WhiteFideId "1130641"]
[BlackFideId "23707933"]
[WhiteElo "2344"]
[BlackElo "2048"]
[Result "1-0"]
[Round "01"]
[TimeControl "180+1"]
[Date "2022.06.28"]
[WhiteClock "0:00:47"]
[BlackClock "0:00:15"]

1. e4 c5 2. g3 Nc6 3. Bg2 g6 4. c3 Bg7 5. Ne2 e5 6. O-O h5 7. h3 d6 8. a4 Nge7 9. Na3 Be6 10. Nc2 Qd7 11. Kh2 Bb3 12. Ra3 c4 13. d3 O-O 14. d4 exd4 15. cxd4 d5 16. e5 Nf5 17. Be3 f6 18. Nf4 Nce7 19. e6 Qd6 20. Qd2 Bxc2 21. Qxc2 Nxe3 22. fxe3 h4 23. Qf2 Nf5 24. g4 Ne7 25. Kh1 g5 26. Nh5 Qxe6 27. e4 dxe4 28. Re3 Ng6 29. Bxe4 Qf7 30. Qf3 Rad8 31. Bxb7 Rxd4 32. Be4 Re8 33. Bd5 Rxd5 34. Rxe8+ Qxe8 35. Qxd5+ Kh7 36. Qb7 Ne7 37. Re1 Qd8 38. Qxe7 Qd5+ 39. Qe4+ Qxe4+ 40. Rxe4 Kg6 41. Nxg7 Kxg7 42. Rxc4 f5 43. gxf5 Kf6 44. Rc7 Kxf5 45. Rxa7 g4 46. Ra5+ Kf4 47. hxg4 Kxg4 48. Rb5 h3 49. b3 h2 50. a5 Kg3 51. Rb4 Kh3 52. Rb5 Kg3 53. Rb6 Kh3 54. Rb7 Kg3 55. Rb8 Kh3 56. a6 Kg3 57. Rb7 Kh3 58. a7 Kg3 59. a8=Q Kh3 60. Qg8 Kh4 61. Rh7# 1-0


[Site "https://www.chess.com"]

[Event "Titled Tuesday Blitz June 28 Early 2022"]
[White "Kucuksari, Kaan"]
[Black "Gatterer, Florian"]
[WhiteFideId "6380166"]
[BlackFideId "811688"]
[WhiteElo "2305"]
[BlackElo "2218"]
[Result "1-0"]
[Round "01"]
[TimeControl "180+1"]
[Date "2022.06.28"]
[WhiteClock "0:00:51"]
[BlackClock "0:00:18"]

1. d4 g6 2. c4 Bg7 3. Nf3 Nf6 4. g3 c6 5. Bg2 d5 6. O-O O-O 7. Nc3 dxc4 8. e4 Bg4 9. Be3 b5 10. e5 Nd5 11. Rc1 Nd7 12. b3 cxb3 13. Nxd5 cxd5 14. Qxb3 Nb6 15. Qxb5 Nc4 16. Nd2 Nxe3 17. fxe3 Bh6 18. Rc3 Be6 19. Nb3 Rb8 20. Qe2 a5 21. Nc5 a4 22. Nxe6 fxe6 23. Bh3 Rxf1+ 24. Qxf1 Qd7 25. Qa6 Rb1+ 26. Kg2 Rb2+ 27. Kf3 Kg7 28. Qxe6 Qe8 29. Rc8 Qf7+ 30. Qxf7+ Kxf7 31. Rh8 Kg7 32. Rd8 Rxa2 33. Be6 Ra3 34. Rg8# 1-0


[Site "https://www.chess.com"]

[Event "Titled Tuesday Blitz June 28 Early 2022"]
[White "Kuzmin, Roman"]
[Black "Barp, Alberto"]
[WhiteFideId "44134932"]
[BlackFideId "872555"]
[WhiteElo "1968"]
[BlackElo "2229"]
[Result "1/2-1/2"]
[Round "01"]
[TimeControl "180+1"]
[Date "2022.06.28"]
[WhiteClock "0:00:25"]
[BlackClock "0:00:19"]

1. e4 Nc6 2. Nc3 Nf6 3. Nf3 d6 4. d4 g6 5. Bc4 Bg7 6. O-O O-O 7. a4 Nxe4 8. Nxe4 d5 9. Bxd5 Qxd5 10. Nc3 Qh5 11. d5 Nb4 12. h3 Rd8 13. Qe2 Nxd5 14. Nxd5 Qxd5 15. Qxe7 Bxh3 16. Qxc7 Rac8 17. Qg3 Bf5 18. c3 Qb3 19. Ra3 Qc2 20. Nd4 Qd3 21. Nxf5 Qxf5 22. Be3 a6 23. Rb3 Rd7 24. Rb4 Be5 25. Qg4 Qxg4 26. Rxg4 f5 27. Rb4 Kf7 28. Re1 Bf6 29. g3 g5 30. Kg2 Rc6 31. Rh1 Kg6 32. Re1 Re6 33. Bd2 Rxe1 34. Bxe1 h5 35. Rb6 Kf7 36. Kf3 g4+ 37. Kg2 h4 38. gxh4 Bxh4 39. c4 Bf6 40. Bb4 Bxb2 41. Rh6 Bg7 42. Rb6 Bd4 43. c5 Rc7 44. Rh6 Kg7 45. Rb6 Kg8 46. Kg3 Bxc5 47. Bxc5 Rxc5 48. Rxb7 Ra5 49. Kf4 Kf8 50. Ra7 Ke8 51. Rh7 Kd8 52. Ra7 Kc8 53. Rh7 Kb8 54. Rf7 Rxa4+ 55. Kxf5 a5 56. Ke5 Rb4 57. f3 gxf3 58. Rxf3 a4 59. Kd5 Kb7 60. Kc5 Rh4 61. Kb5 Ka7 62. Rf7+ Kb8 63. Rf3 Kc7 64. Ra3 Kb7 65. Rxa4 Rxa4 66. Kxa4 1/2-1/2


[Site "https://www.chess.com"]

[Event "Titled Tuesday Blitz June 28 Early 2022"]
[White "Ladan, Nicholas"]
[Black "Bortnyk, Olexandr"]
[WhiteFideId "30918855"]
[BlackFideId "14120828"]
[WhiteElo "2167"]
[BlackElo "2723"]
[Result "0-1"]
[Round "01"]
[TimeControl "180+1"]
[Date "2022.06.28"]
[WhiteClock "0:00:05"]
[BlackClock "0:00:30"]

1. d4 d6 2. c4 e5 3. e3 f5 4. Nc3 Nf6 5. Nf3 e4 6. Nd2 g6 7. Be2 Bh6 8. b4 O-O 9. Bb2 c6 10. a4 d5 11. Qb3 Be6 12. b5 Nbd7 13. a5 a6 14. Ba3 Qxa5 15. O-O Qc7 16. Bxf8 Nxf8 17. bxa6 bxa6 18. cxd5 cxd5 19. Rxa6 Rxa6 20. Bxa6 f4 21. Nd1 Qa5 22. Qb7 Qxd2 23. Qe7 Nh5 24. exf4 Nxf4 25. Ne3 Qxd4 26. Bb7 Qe5 27. Ng4 Qg5 28. Nxh6+ Qxh6 29. Ra1 Qg7 30. Qxg7+ Kxg7 31. Ra7 Kf6 32. g3 Nd3 33. Ba6 Ne5 34. Be2 Nfd7 35. Ra8 d4 36. Rh8 d3 37. Bd1 h5 38. h4 Bg4 39. Bxg4 hxg4 40. Kf1 Nf3 41. Rd8 Nde5 42. Rd5 Ke7 43. h5 gxh5 44. Kg2 Ke6 45. Rd8 d2 46. Kf1 Nd3 47. Ke2 Nb2 48. Ke3 d1=Q 49. Re8+ Kf7 50. Rh8 Qd2+ 51. Kxe4 Qd4+ 52. Kf5 Qe5# 0-1


[Site "https://www.chess.com"]

[Event "Titled Tuesday Blitz June 28 Early 2022"]
[White "Le, Quang Liem"]
[Black "Ajay Krishna, S"]
[WhiteFideId "12401137"]
[BlackFideId "5096430"]
[WhiteElo "2657"]
[BlackElo "2247"]
[Result "1-0"]
[Round "01"]
[TimeControl "180+1"]
[Date "2022.06.28"]
[WhiteClock "0:00:58"]
[BlackClock "0:00:01"]

1. Nf3 c5 2. g3 Nc6 3. Bg2 g6 4. O-O Bg7 5. c4 e5 6. Nc3 Nge7 7. d3 O-O 8. Bd2 d6 9. a3 a5 10. Rb1 h6 11. Ne1 Be6 12. Nd5 a4 13. Nc3 Nd4 14. Bxb7 Ra7 15. Bg2 Qd7 16. Nc2 Nb3 17. Be1 Bh3 18. Bxh3 Qxh3 19. Ne3 Qd7 20. Ned5 Nxd5 21. Nxd5 Rb8 22. Bc3 Rab7 23. e3 f5 24. f4 exf4 25. gxf4 Kh7 26. Rf2 Qe6 27. Qf3 Bxc3 28. bxc3 Na5 29. Re1 Rb1 30. Re2 Rxe1+ 31. Rxe1 Rb3 32. e4 Rxa3 33. Qg3 Nc6 34. exf5 Qxf5 35. Ne7 Nxe7 36. Rxe7+ Kg8 37. Qf3 Ra1+ 38. Kg2 Ra2+ 39. Kg3 Qf8 40. Qd5+ 1-0


[Site "https://www.chess.com"]

[Event "Titled Tuesday Blitz June 28 Early 2022"]
[White "Livaic, Leon"]
[Black "Manukian, Artak"]
[WhiteFideId "14531534"]
[BlackFideId "13301373"]
[WhiteElo "2540"]
[BlackElo "2483"]
[Result "1-0"]
[Round "01"]
[TimeControl "180+1"]
[Date "2022.06.28"]
[WhiteClock "0:01:56"]
[BlackClock "0:01:21"]

1. d4 Nf6 2. Bg5 c5 3. Bxf6 gxf6 4. d5 e5 5. e4 d6 6. Nc3 f5 7. Bb5+ Nd7 8. exf5 Qg5 9. Qf3 a6 10. Ne4 Qh6 11. Bxd7+ Bxd7 12. Ne2 O-O-O 13. c4 Kb8 14. a3 b5 15. b4 bxc4 16. bxc5 dxc5 17. Rb1+ Ka7 18. O-O Rg8 19. N2g3 Qf4 20. Qc3 Bxf5 21. Qa5 Rb8 22. Qc7+ 1-0


[Site "https://www.chess.com"]